% Time on Ice - TEXAS TOROS
Lines # - Real PCT - Wanted PCT - Time Play
Normal Forward
1 - 31% - 36% - 16:51
2 - 33% - 31% - 17:35
3 - 26% - 23% - 13:47
4 - 11% - 10% - 5:50
Normal Defense
1 - 34% - 36% - 18:27
2 - 31% - 31% - 16:32
3 - 30% - 23% - 16:10
4 - 5% - 10% - 2:54
PP Forward
1 - 65% - 55% - 2:35
2 - 35% - 45% - 1:23
PP Defense
1 - 57% - 55% - 2:16
2 - 43% - 45% - 1:42
PK Forward
1 - 71% - 55% - 1:24
2 - 29% - 45% - 0:35
PK Defense
1 - 42% - 55% - 0:50
2 - 58% - 45% - 1:09
PK3 Forward
1 - 0% - 55%
2 - 0% - 45%
PK3 Defense
1 - 0% - 55%
2 - 0% - 45%
44 Forward
1 - 0% - 55%
2 - 0% - 45%
44 Defense
1 - 0% - 55%
2 - 0% - 45%
Last Minute Offensive  - 0:00
Last Minute Defensive  - 0:00
Total
Forward - 60:00
Defense - 60:00
% Time on Ice - PORTLAND PIRATES
Lines # - Real PCT - Wanted PCT - Time Play
Normal Forward
1 - 35% - 34% - 18:46
2 - 32% - 32% - 17:22
3 - 25% - 24% - 13:18
4 - 9% - 10% - 4:37
Normal Defense
1 - 35% - 34% - 19:06
2 - 34% - 34% - 18:25
3 - 21% - 22% - 11:23
4 - 10% - 10% - 5:09
PP Forward
1 - 41% - 60% - 0:49
2 - 59% - 40% - 1:10
PP Defense
1 - 59% - 60% - 1:10
2 - 41% - 40% - 0:49
PK Forward
1 - 80% - 60% - 3:11
2 - 20% - 40% - 0:47
PK Defense
1 - 42% - 60% - 1:40
2 - 58% - 40% - 2:18
PK3 Forward
1 - 0% - 55%
2 - 0% - 45%
PK3 Defense
1 - 0% - 55%
2 - 0% - 45%
44 Forward
1 - 0% - 55%
2 - 0% - 45%
44 Defense
1 - 0% - 55%
2 - 0% - 45%
Last Minute Offensive  - 0:00
Last Minute Defensive  - 0:00
Total
Forward - 60:00
Defense - 60:00
Play-by-Play 1st period 0:01 of 1st period - Trevor Zegras wins face-off versus Mika Zibanejad in neutral zone. 0:38 of 1st period - Shot by Robert Thomas. 0:38 of 1st period - Stopped by Philipp Grubauer without a rebound. 0:39 of 1st period - Chandler Stephenson wins face-off versus Taylor Raddysh in TEXAS TOROS zone. 1:31 of 1st period - Icing by Philip Broberg. 1:32 of 1st period - Kevin Hayes wins face-off versus Jonathan Toews in TEXAS TOROS zone. 1:32 of 1st period - Kevin Hayes is hit by William Carrier. 1:53 of 1st period - Owen Power is hit by William Carrier and loses puck. 2:03 of 1st period - Icing by Nick Holden. 2:04 of 1st period - Jonathan Toews wins face-off versus Ryan Poehling in PORTLAND PIRATES zone. 2:08 of 1st period - Off-side. 2:09 of 1st period - Ryan Poehling wins face-off versus Mika Zibanejad in neutral zone. 2:42 of 1st period - Shot by Robert Thomas. 2:42 of 1st period - Stopped by Philipp Grubauer without a rebound. 2:43 of 1st period - Ryan McLeod wins face-off versus Trevor Zegras in TEXAS TOROS zone. 2:56 of 1st period - Shot by Ryan McLeod. 2:56 of 1st period - Stopped by Philipp Grubauer without a rebound. 2:57 of 1st period - Chandler Stephenson wins face-off versus Logan Cooley in TEXAS TOROS zone. 3:12 of 1st period - Shot by Dougie Hamilton. 3:12 of 1st period - Stopped by Cameron Talbot without a rebound. 3:13 of 1st period - Trevor Zegras wins face-off versus William Carrier in PORTLAND PIRATES zone. 3:13 of 1st period - Trevor Zegras is hit by Thomas Chabot. 3:30 of 1st period - Icing by Nate Schmidt. 3:31 of 1st period - Trevor Zegras wins face-off versus Chandler Stephenson in TEXAS TOROS zone. 3:52 of 1st period - Shot by Pavel Zacha. 3:52 of 1st period - Stopped by Philipp Grubauer with a rebound. 5:07 of 1st period - Mikhail Sergachev is hit by Alec Martinez. 5:40 of 1st period - Icing by William Carrier. 5:41 of 1st period - Jonathan Toews wins face-off versus Kevin Hayes in PORTLAND PIRATES zone. 6:08 of 1st period - Taylor Raddysh is hit by Travis Hamonic and loses puck. 6:59 of 1st period - Shot by Wade Allison. 6:59 of 1st period - Stopped by Cameron Talbot without a rebound. 7:00 of 1st period - Mika Zibanejad wins face-off versus Logan Cooley in PORTLAND PIRATES zone. 7:06 of 1st period - Off-side. 7:07 of 1st period - Jesse Ylonen wins face-off versus Mika Zibanejad in neutral zone. 7:17 of 1st period - Shot by Jesse Ylonen. 7:17 of 1st period - Stopped by Cameron Talbot without a rebound. 7:18 of 1st period - Chandler Stephenson wins face-off versus Kevin Hayes in PORTLAND PIRATES zone. 7:18 of 1st period - Chandler Stephenson is hit by Taylor Raddysh. 7:46 of 1st period - Icing by Owen Power. 7:47 of 1st period - Mika Zibanejad wins face-off versus Kevin Hayes in TEXAS TOROS zone. 7:54 of 1st period - Shot by Travis Konecny. 7:54 of 1st period - Shot Misses the Net. 7:56 of 1st period - Shot by Travis Konecny. 7:56 of 1st period - Stopped by Philipp Grubauer without a rebound. 7:57 of 1st period - Trevor Zegras wins face-off versus Travis Konecny in TEXAS TOROS zone. 8:07 of 1st period - Icing by Robert Thomas. 8:08 of 1st period - Mika Zibanejad wins face-off versus Tyson Foerster in PORTLAND PIRATES zone. 8:15 of 1st period - Shot by Travis Konecny. 8:15 of 1st period - Shot Misses the Net. 8:17 of 1st period - Shot by Thomas Chabot. 8:17 of 1st period - Goal by Thomas Chabot - TEXAS TOROS : 0 - PORTLAND PIRATES : 1. 8:18 of 1st period - Trevor Zegras wins face-off versus Michael McLeod in neutral zone. 8:41 of 1st period - Danton Heinen is hit by Marc Staal and loses puck. 8:53 of 1st period - Off-side. 8:54 of 1st period - Chandler Stephenson wins face-off versus Kevin Hayes in neutral zone. 9:05 of 1st period - Shot by Mikhail Sergachev. 9:05 of 1st period - Stopped by Cameron Talbot without a rebound. 9:06 of 1st period - Mika Zibanejad wins face-off versus Logan Cooley in PORTLAND PIRATES zone. 9:40 of 1st period - Travis Konecny is hit by Tyson Foerster. 10:10 of 1st period - Shot by Chandler Stephenson. 10:10 of 1st period - Shot Misses the Net. 10:12 of 1st period - Shot by Chandler Stephenson. 10:12 of 1st period - Stopped by Philipp Grubauer with a rebound. 10:14 of 1st period - Shot by Yanni Gourde. 10:14 of 1st period - Shot Misses the Net. 10:16 of 1st period - Shot by Pavel Zacha. 10:16 of 1st period - Shot Misses the Net. 10:18 of 1st period - Shot by Chandler Stephenson. 10:18 of 1st period - Goal by Chandler Stephenson - TEXAS TOROS : 0 - PORTLAND PIRATES : 2. 10:19 of 1st period - Trevor Zegras wins face-off versus Michael McLeod in neutral zone. 11:37 of 1st period - Kevin Hayes is hit by Nick Holden. 11:41 of 1st period - Shot by Kevin Hayes. 11:41 of 1st period - Shot Misses the Net. 11:43 of 1st period - Shot by Taylor Raddysh. 11:43 of 1st period - Stopped by Cameron Talbot with a rebound. 11:45 of 1st period - Shot by Owen Power. 11:45 of 1st period - Stopped by Cameron Talbot with a rebound. 11:50 of 1st period - Kevin Hayes is hit by Nick Holden. 13:07 of 1st period - Shot by Mika Zibanejad. 13:07 of 1st period - Goal by Mika Zibanejad - TEXAS TOROS : 0 - PORTLAND PIRATES : 3. 13:08 of 1st period - Logan Cooley wins face-off versus Jonathan Toews in neutral zone. 13:13 of 1st period - Shot by Jesse Ylonen. 13:13 of 1st period - Shot Blocked by Jonathan Toews. 13:15 of 1st period - Shot by Nate Schmidt. 13:15 of 1st period - Shot Blocked by Brian Dumoulin. 13:38 of 1st period - Icing by Ryan McLeod. 13:39 of 1st period - Jonathan Toews wins face-off versus Trevor Zegras in PORTLAND PIRATES zone. 14:22 of 1st period - Shot by Robert Thomas. 14:22 of 1st period - Shot Blocked by Trevor Zegras. 14:24 of 1st period - Shot by Mika Zibanejad. 14:24 of 1st period - Goal by Mika Zibanejad - TEXAS TOROS : 0 - PORTLAND PIRATES : 4. 14:24 of 1st period - Jett Alexander enters game. 14:25 of 1st period - Kevin Hayes wins face-off versus Chandler Stephenson in neutral zone. 14:28 of 1st period - Nick Holden is hit by Bobby Brink and loses puck. 15:07 of 1st period - Shot by Pavel Zacha. 15:07 of 1st period - Stopped by Jett Alexander with a rebound. 15:29 of 1st period - Shot by Travis Konecny. 15:29 of 1st period - Shot Blocked by Ryan Poehling. 16:27 of 1st period - Off-side. 16:28 of 1st period - Michael McLeod wins face-off versus Trevor Zegras in neutral zone. 17:03 of 1st period - Shot by Troy Terry. 17:03 of 1st period - Stopped by Cameron Talbot without a rebound. 17:04 of 1st period - Chandler Stephenson wins face-off versus Kevin Hayes in PORTLAND PIRATES zone. 17:24 of 1st period - Tyson Barrie is hit by Nick Holden and los